 Dungeon Crawl Stone Soup version 0.19.1 (webtiles) character file.

24850 omegacute the Grappler (level 12, 0/119 HPs)
             Began as a Troll Berserker on Nov 29, 2016.
             Was a High Priest of Trog.
             Slain by a death yak (8 damage)
             ... on level 4 of the Lair of Beasts.
             The game lasted 00:42:45 (12349 turns).

omegacute the Grappler (Troll Berserker)           Turns: 12349, Time: 00:42:46

Health: 0/119      AC: 21    Str: 29    XL:     12   Next: 84%
Magic:  11/11      EV: 10    Int:  3    God:    Trog [*****.]
Gold:   693        SH: 12    Dex: 12    Spells: 0 memorised, 11 levels left

rFire  + . .     SeeInvis .       - Unarmed
rCold  + . .     Gourm    +     J - +0 gold dragon scales
rNeg   . . .     Faith    .     a - +0 shield
rPois  +         Spirit   .     g - +0 hat
rElec  .         Reflect  .     y - +1 cloak {rPois}
rCorr  .         Harm     .     (gloves unavailable)
MR     ++...     Rnd*Tele +     (boots unavailable)
Stlth  ..........               (no amulet)
                                t - +5 ring of evasion
                                n - ring of teleportation (curse)

@: exhausted, about to teleport, regenerating, slowed, very slow
A: unfitting armour, claws 3, fast metabolism 3, gourmand, regeneration 1,
shaggy fur 1, tough skin 2
a: Berserk, Trog's Hand, Brothers in Arms, Burn Spellbooks, Renounce Religion


You were on level 4 of the Lair of Beasts.
You worshipped Trog.
Trog was extremely pleased with you.
You were full.

You visited 2 branches of the dungeon, and saw 15 of its levels.

You collected 820 gold pieces.
You spent 127 gold pieces at shops.

Inventory:

Hand Weapons
 L - a +2 hand crossbow of freezing
Armour
 a - a +0 shield (worn)
 g - a +0 hat (worn)
 y - a +1 cloak of poison resistance (worn)
 H - a +0 robe
 J - +0 gold dragon scales (worn)
Jewellery
 n - a cursed ring of teleportation (left claw)
 t - a +5 ring of evasion (right claw)
 N - an uncursed ring of resist corrosion {unknown}
 P - the ring of Cafysm Ixka {Fire rElec, unknown}
   (You found it on level 2 of the Lair of Beasts)

   [ring of fire]

   It enhances your fire magic.
   It protects you from fire.
   It makes you vulnerable to cold.
   It insulates you from electricity.
 R - an uncursed amulet of regeneration {unknown}
Wands
 o - a wand of flame (25/48)
 v - a wand of flame (30/48)
 z - a wand of lightning (4/15)
 G - a wand of enslavement (24/24)
 O - a wand of lightning (10/15)
 S - a wand of polymorph (14/24)
Scrolls
 d - 5 scrolls of identify
 e - 4 scrolls of blinking
 j - 6 scrolls of fear
 p - 7 scrolls of teleportation
 w - 2 scrolls of magic mapping
 A - 2 scrolls of fog
 C - 2 scrolls of enchant armour
 I - a scroll of summoning
 M - a scroll of brand weapon
 T - a scroll of enchant weapon
Potions
 c - 6 potions of curing
 h - 4 potions of heal wounds {unknown}
 i - a potion of beneficial mutation {unknown}
 k - a potion of experience {unknown}
 l - a potion of berserk rage {unknown}
 m - 2 potions of degeneration {unknown}
 q - 2 potions of invisibility {unknown}
 s - 3 potions of cure mutation {unknown}
 x - 2 potions of haste {unknown}
 D - 3 potions of flight {unknown}
 E - a potion of magic {unknown}
 Q - a potion of brilliance {unknown}
Comestibles
 b - 11 bread rations
 f - 4 meat rations
 r - 2 royal jellies
 u - 13 fruits
 B - a slice of pizza
 F - 2 beef jerkies


   Skills:
 + Level 7.6 Fighting
 + Level 7.0 Armour
 - Level 6.0 Dodging
 - Level 9.2 Shields
 * Level 13.3 Unarmed Combat


You had 11 spell levels left.
You didn't know any spells.

Dungeon Overview and Level Annotations

Branches:
Dungeon (10/15)            Temple (0/1) D:7            Lair (5/6) D:8
  Swamp (0/4) Lair:4        Snake (0/4) Lair:3          Orc (0/2) D:10
  Slime: Lair:5-6

Altars:
Cheibriados
Elyvilon
Makhleb
Nemelex Xobeh
Qazlal
Ru
Sif Muna
Zin
The Shining One

Shops:
D:5 [   D:10 (


Innate Abilities, Weirdness & Mutations

You are too large for most types of armour.
You have claws for hands.
Your metabolism is lightning-fast.
You like to eat raw meat.
Your natural rate of healing is unusually fast.
You are covered in fur. (AC +1)
You have very tough skin. (AC +2)


Message History

You take 3 damage, and have 48/119 hp.
Your gold dragon scales prevents you from hitting the death yak.
The death yak is lightly wounded.
The death yak gores you!
* * * LOW HITPOINT WARNING * * *
The death yak gores you!
* * * LOW HITPOINT WARNING * * *
You take 21 damage, and have 27/119 hp.
You block the death yak's attack.
You regained 3 hp, and now have 30/119 hp.
The death yak gores you!
* * * LOW HITPOINT WARNING * * *
You take 10 damage, and have 20/119 hp.
As you read the scroll of teleportation, it crumbles to dust.
You feel strangely unstable. The death yak gores you.
* * * LOW HITPOINT WARNING * * *
The death yak gores you!
* * * LOW HITPOINT WARNING * * *
The death yak gores you!
You die...

.)..# #.......P...........# ....#
##........##.......## ...##
#.......P<.........## ...##
##.........#.>......# ....#
#........#........P#
§..#####...........^.....##
.§..##........#..#.......#
...+÷............#.......##
...###........#.@Y........#
....###.......##.Y.......## #.P##
##...)..##.#...>%...#
#######.(...P.####.##†#..##
#.#..P^...#######.#.## ### ##
##.....).....######..####.###. ##
#..............##.#+#.##.###.. .#
#............P####......## #P.
.###...............##...<..####..


You could see 2 death yaks.

Vanquished Creatures
  5 hydras
  3 death yaks (Lair:4)
  3 black mambas
  3 spiny frogs
  A rime drake (Lair:1)
  3 komodo dragons
  2 two-headed ogres
  Grinder (D:4)
  7 blink frogs
  11 hippogriffs
  A vampire (D:10)
  A spriggan (D:7)
  A wyvern (Lair:2)
  22 yaks
  19 water moccasins
  6 porcupines
  An eye of draining (D:10)
  9 orc warriors
  An ice beast (D:5)
  A sky beast (D:6)
  A black bear (D:7)
  3 phantoms
  5 ogres
  8 wolves
  3 centaurs
  8 crocodiles
  A big kobold (D:10)
  12 bullfrogs
  2 gnoll sergeants
  A wyvern zombie (D:6)
  2 scorpions
  A wyvern skeleton (D:10)
  10 killer bees
  The ghost of Zebulonius the Chopper, a weakling MiBe of Trog (D:3)
  2 howler monkeys (D:5)
  An electric eel (Lair:2)
  3 crimson imps
  A bullfrog zombie (D:8)
  5 hounds
  A jelly (D:9)
  3 orc priests
  Crazy Yiuf (D:7)
  5 bullfrog skeletons
  13 orc wizards
  An iguana (Lair:4)
  7 worker ants
  A hound zombie (D:8)
  A howler monkey zombie (D:9)
  8 gnolls
  10 adders
  2 shadow imps
  3 worms
  A dart slug (D:6)
  3 leopard geckos
  38 orcs
  5 ball pythons
  10 bats
  6 giant cockroaches
  3 goblins
  7 hobgoblins
  7 jackals
  A quokka (D:8)
  5 frilled lizards
  10 kobolds
  2 leopard gecko zombies
  6 rats
331 creatures vanquished.

Vanquished Creatures (collateral kills)
  2 wolves (Lair:1)
  A crocodile (Lair:1)
3 creatures vanquished.

Vanquished Creatures (others)
  2 fungi (Lair:2)
  3 plants
  4 toadstools (D:1)
9 creatures vanquished.

Grand Total: 343 creatures vanquished

Notes
Turn   | Place    | Note
-------+----------+-------------------------------------------
     0 | D:1      | omegacute the Troll Berserker began the quest for the Orb.
     0 | D:1      | Reached XP level 1. HP: 22/22 MP: 0/0
   107 | D:1      | Reached XP level 2. HP: 27/29 MP: 1/1
   191 | D:1      | Reached skill level 4 in Unarmed Combat
   246 | D:1      | Reached ** piety under Trog
   448 | D:1      | Reached XP level 3. HP: 36/36 MP: 2/2
  1143 | D:2      | Found a sacrificial altar of Ru.
  1483 | D:2      | Reached XP level 4. HP: 44/44 MP: 3/3
  1661 | D:3      | Reached skill level 5 in Unarmed Combat
  1693 | D:3      | Found a faded altar of an unknown god.
  2012 | D:3      | Noticed Zebulonius's ghost (weakling MiBe)
  2022 | D:3      | Killed Zebulonius's ghost
  2228 | D:4      | Found a glowing golden altar of the Shining One.
  2228 | D:4      | Found a deep blue altar of Sif Muna.
  2246 | D:4      | Found a sparkling altar of Nemelex Xobeh.
  2330 | D:4      | Reached skill level 6 in Unarmed Combat
  2330 | D:4      | Reached XP level 5. HP: 50/50 MP: 4/4
  2482 | D:4      | Noticed Grinder
  2495 | D:4      | Killed Grinder
  2495 | D:4      | Reached skill level 7 in Unarmed Combat
  2495 | D:4      | Reached XP level 6. HP: 47/59 MP: 5/5
  2516 | D:4      | Found a burning altar of Makhleb.
  2897 | D:5      | Entered Level 5 of the Dungeon
  2899 | D:5      | Found Reineiby's Armour Emporium.
  2903 | D:5      | Noticed an ice beast
  2910 | D:5      | Killed an ice beast
  2910 | D:5      | Reached skill level 8 in Unarmed Combat
  2964 | D:5      | Bought a +0 cloak of poison resistance for 127 gold pieces
  2979 | D:5      | Reached XP level 7. HP: 66/66 MP: 6/6
  3204 | D:5      | Reached skill level 9 in Unarmed Combat
  3496 | D:6      | Reached XP level 8. HP: 56/74 MP: 7/7
  3549 | D:6      | Reached *** piety under Trog
  3678 | D:6      | Reached skill level 10 in Unarmed Combat
  3689 | D:6      | Found a snail-covered altar of Cheibriados.
  4342 | D:7      | Reached skill level 11 in Unarmed Combat
  4612 | D:7      | Reached skill level 1 in Armour
  4643 | D:7      | Reached XP level 9. HP: 66/80 MP: 8/8
  4698 | D:7      | Found a staircase to the Ecumenical Temple.
  4886 | D:7      | Found a stormy altar of Qazlal.
  5104 | D:7      | Reached **** piety under Trog
  5301 | D:7      | Found a runed door.
  5305 | D:7      | Noticed Crazy Yiuf
  5311 | D:7      | Killed Crazy Yiuf
  5639 | D:8      | Found a white marble altar of Elyvilon.
  5782 | D:8      | Found a staircase to the Lair.
  5783 | D:8      | Noticed a komodo dragon
  5811 | D:8      | Found a glowing silver altar of Zin.
  5827 | D:8      | Killed a komodo dragon
  6547 | D:9      | Reached skill level 5 in Fighting
  6547 | D:9      | Reached XP level 10. HP: 96/96 MP: 9/9
  6898 | D:9      | Reached skill level 5 in Dodging
  7394 | D:10     | Entered Level 10 of the Dungeon
  7434 | D:10     | Reached ***** piety under Trog
  7509 | D:10     | Reached skill level 5 in Armour
  8045 | D:10     | Found Biriasou's Antique Weapon Shop.
  8538 | D:10     | Reached skill level 1 in Shields
  8596 | D:10     | Found a staircase to the Orcish Mines.
  8739 | Lair:1   | Entered Level 1 of the Lair of Beasts
  8739 | Lair:1   | Noticed an eight-headed hydra
  8752 | Lair:1   | Killed a 12-headed hydra
  8836 | Lair:1   | Reached XP level 11. HP: 102/106 MP: 10/10
  8957 | Lair:1   | Received a gift from Trog
  8957 | Lair:1   | Reached skill level 5 in Shields
  9162 | Lair:1   | Noticed an eight-headed hydra
  9173 | Lair:1   | Killed a 15-headed hydra
  9717 | Lair:2   | Noticed a seven-headed hydra
  9724 | Lair:2   | Killed an 11-headed hydra
  9878 | Lair:2   | Noticed an eight-headed hydra
  9886 | Lair:2   | Killed a 12-headed hydra
 10261 | Lair:2   | Got an ancient silver ring
 10723 | Lair:3   | Reached XP level 12. HP: 115/115 MP: 11/11
 10785 | Lair:3   | Found a staircase to the Snake Pit.
 11114 | Lair:3   | Reached skill level 12 in Unarmed Combat
 11859 | Lair:4   | Noticed a seven-headed hydra
 11896 | Lair:4   | Killed a 17-headed hydra
 11931 | Lair:4   | Found a staircase to the Swamp.
 11958 | Lair:4   | Reached skill level 13 in Unarmed Combat
 12265 | Lair:5   | Noticed a death yak
 12265 | Lair:5   | Noticed a death yak
 12265 | Lair:5   | Noticed a death yak
 12265 | Lair:5   | Noticed a death yak
 12265 | Lair:5   | Noticed a death yak
 12265 | Lair:5   | Noticed a death yak
 12275 | Lair:4   | Killed a death yak
 12327 | Lair:4   | Killed a death yak
 12334 | Lair:4   | Killed a death yak
 12349 | Lair:4   | Slain by a death yak

Skill      XL: |  1  2  3  4  5  6  7  8  9 10 11 12 |
---------------+-------------------------------------+-----
Unarmed Combat | 4 6 7 8 9 11 13 | 13.3
Armour         | 1 4 5 7 |  7.0
Fighting       | 5 6 7 |  7.6
Dodging        | 4 6 |  6.0
Shields        | 3 9 |  9.2

Action                   |  1- 3 |  4- 6 |  7- 9 | 10-12 || total
-------------------------+-------+-------+-------+-------++-------
Melee: Unarmed           |   119 |    85 |   265 |   692 ||  1161
       Punch             |     1 |       |    12 |    10 ||    23
Invok: Berserk           |       |     1 |     7 |    11 ||    19
       Trog's Hand       |       |       |     1 |     3 ||     4
       Brothers in Arms  |       |       |       |     2 ||     2
  Use: Scroll            |       |       |    13 |     3 ||    16
 Stab: Sleeping          |       |       |     1 |       ||     1
  Eat: Chunk             |    16 |    11 |    47 |    63 ||   137
Armor: Animal skin       |    53 |    17 |    33 |       ||   103
       Robe              |       |       |    18 |    18 ||    36
       Gold dragon scale |       |       |       |   280 ||   280
Dodge: Dodged            |    80 |    36 |   140 |   322 ||   578
Block: Shield            |       |       |       |   270 ||   270
